 Dungeon Crawl Stone Soup version 0.32-a0-656-g3542139ebd (webtiles) character file.

Game seed: 9492962724596628333

10885 CougarLife the Geomancer (level 11, -1/54 HPs)
             Began as a Gargoyle Earth Elementalist on Mar 8, 2024.
             Was a Follower of Vehumet.
             Slain by a skeletal warrior
             ... wielding a +0 hand axe of venom
              (14 damage)
             ... on level 10 of the Dungeon.
             The game lasted 00:13:58 (11003 turns).

CougarLife the Geomancer (GrEE)                    Turns: 11003, Time: 00:13:59

Health: -1/54      AC: 15    Str: 13    XL:     11   Next: 69%
Magic:  11/25      EV: 16    Int: 19    God:    Vehumet [*.....]
Gold:   494        SH:  0    Dex: 10    Spells: 26/30 levels left

rFire   . . .        j - +2 dagger (speed)
rCold   . . .        (no shield)
rNeg    + . .        b - +1 robe {Will+}
rPois   ∞            H - +0 helmet
rElec   +            a - +0 cloak
rCorr   .            O - +0 pair of gloves
SInv    +            n - +0 pair of boots
Will    +....        (no amulet)
Stlth   ++           I - ring of see invisible
HPRegen 0.29/turn    w - +5 ring of evasion
MPRegen 0.19/turn

%: no passive effects
@: no status effects
A: sickness immunity, AC +8, negative energy resistance 1, electricity
resistance, torment resistance 1, petrification resistance
a: Renounce Religion


You were on level 10 of the Dungeon.
You worshipped Vehumet.
Vehumet was aware of your devotion.
You visited 2 branches of the dungeon, and saw 11 of its levels.
You also visited: Ossuary.

You collected 494 gold pieces.

Inventory:

Hand Weapons
 j - a +2 dagger of speed (weapon)
Missiles
 l - a throwing net
Armour
 a - a +0 cloak (worn)
 b - a +1 robe of willpower (worn)
 n - a +0 pair of boots (worn)
 H - a +0 helmet (worn)
 O - a +0 pair of gloves (worn)
Jewellery
 h - a ring of willpower
 w - a +5 ring of evasion (right hand)
 D - a ring of protection from cold
 I - a ring of see invisible (left hand)
Wands
 s - a wand of charming (32)
 t - a wand of mindburst (23)
 y - a wand of light (19)
 M - a wand of iceblast (7)
Scrolls
 f - 9 scrolls of identify {unknown}
 o - 6 scrolls of teleportation {unknown}
 p - a scroll of revelation {unknown}
 q - a scroll of enchant weapon {unknown}
 u - 3 scrolls of poison
 A - a scroll of butterflies {unknown}
 B - a scroll of fog {unknown}
 C - 4 scrolls of immolation {unknown}
 E - a scroll of silence {unknown}
 F - a scroll of acquirement {unknown}
 J - a scroll of fear {unknown}
 L - a scroll of vulnerability {unknown}
 N - a scroll of noise {unknown}
Potions
 c - 5 potions of curing
 d - 3 potions of enlightenment {unknown}
 e - 3 potions of resistance {unknown}
 g - 3 potions of degeneration {unknown}
 i - 6 potions of attraction {unknown}
 k - 3 potions of heal wounds {unknown}
 m - 2 potions of brilliance {unknown}
 r - 2 potions of might {unknown}
 v - 2 potions of mutation {unknown}
 x - a potion of berserk rage {unknown}
 z - 2 potions of ambrosia {unknown}
 G - 2 potions of haste {unknown}
 K - 3 potions of magic


   Skills:
 - Level 1.5 Dodging
 - Level 2.1 Stealth
 + Level 10.0 Spellcasting
 + Level 11.5 Conjurations
 + Level 12.9 Earth Magic


You had 26 spell levels left.
You knew the following spells:

 Your Spells              Type           Power      Damage    Failure   Level
a - Sandblast             Erth           100%       2d20      1%          1
b - Stone Arrow           Conj/Erth      100%       3d13      1%          3

Your spell library contained the following spells:

 Spells                   Type           Power      Damage    Failure   Level
 Freeze                   Ice            36%        1d5       8%          1
 Passwall                 Erth           56%        N/A       1%          3
 Brom's Barrelling Bould  Conj/Erth      54%        2d7       1%          4
 Petrify                  Alch/Erth      34%        N/A       4%          4
 Iskenderun's Mystic Bla  Conj/Tloc      31%        2d8       7%          4
 Irradiate                Conj/Alch      15%        3d16      19%         5
 Tukima's Dance           Hex            9%         N/A       22%         3
 Dimensional Bullseye     Hex/Tloc       4%         N/A       58%         4
 Passage of Golubria      Tloc           9%         N/A       58%         4
 Yara's Violent Unravell  Hex/Alch       4%         3d4       90%         5
 Sublimation of Blood     Necr           Unusable   N/A       N/A         2

Dungeon Overview and Level Annotations

Branches:
Dungeon (10/15)            Temple (1/1) D:7            Lair (0/5) D:9
Ossuary (visited)
    Orc: D:9-12

Altars:
Ashenzari
Cheibriados
Dithmenos
Elyvilon
Fedhas
Gozag
Hepliaklqana
Kikubaaqudgha
Makhleb
Nemelex Xobeh
Okawaru
Qazlal
Ru
Sif Muna
Trog
Uskayaw
Vehumet
Wu Jian
Xom
Yredelemnul
Zin
The Shining One

Shops:
D:7 (

Annotations:
D:5 Nornya's ghost, novice MDNe
D:6 1 runed translucent door, Crazy Yiuf
D:9 1 runed translucent door


Innate Abilities, Weirdness & Mutations

You are immune to sickness and miasma.
Your stone body is resilient. (AC +8)
You are immune to poison.
You resist negative energy. (rN+)
You are resistant to electric shocks. (rElec)
You are resistant to unholy torment.
You are immune to petrification.


Message History

Confirm with . or Enter, or press ? or * to list all spells.
Aiming: Stone Arrow (safe; 1% risk of failure)
Press: ? - help, Shift-Dir - straight line, f/p - centaur warrior
Aim: a centaur warrior, wielding a +0 shortbow and quivering stones (heavily wounded, 84% to hit)
The stone arrow misses the centaur warrior.
The centaur warrior unwields a +0 shortbow.
The centaur warrior wields a +5 battleaxe of electrocution.
You hear the crackle of electricity.
The centaur warrior hits you with a +5 battleaxe of electrocution!!
The centaur warrior kicks you but does no damage.
Casting: Stone Arrow (safe; 1% risk of failure)
Confirm with . or Enter, or press ? or * to list all spells.
Aiming: Stone Arrow (safe; 1% risk of failure)
Press: ? - help, Shift-Dir - straight line, f/p - centaur warrior
Aim: a centaur warrior, wielding a +5 battleaxe of electrocution and quivering stones (moderately wounded, 84% to hit)
The stone arrow hits the centaur warrior!!
The centaur warrior is almost dead.
The centaur warrior hits you with a +5 battleaxe of electrocution!
* * * LOW HITPOINT WARNING * * *
The centaur warrior kicks you.
* * * LOW HITPOINT WARNING * * *
Casting: Stone Arrow (safe; 1% risk of failure)
Confirm with . or Enter, or press ? or * to list all spells.
Aiming: Stone Arrow (safe; 1% risk of failure)
Press: ? - help, Shift-Dir - straight line, f/p - centaur warrior
Aim: a centaur warrior, wielding a +5 battleaxe of electrocution and quivering stones (almost dead, 84% to hit)
The stone arrow hits the centaur warrior!!
You kill the centaur warrior!
Vehumet accepts your kill.
You feel your power returning.
Your Spellcasting skill increases to level 10!
Casting: Stone Arrow (safe; 1% risk of failure)
Confirm with . or Enter, or press ? or * to list all spells.
Aiming: Stone Arrow (safe; 1% risk of failure)
Press: ? - help, Shift-Dir - straight line, f - skeletal warrior
Aim: a skeletal warrior, wielding a +0 hand axe of venom and wearing a +3 scale mail (81% to hit)
The stone arrow hits the skeletal warrior.
The skeletal warrior is lightly damaged.
The skeletal warrior hits you with a +0 hand axe of venom!
You die...

.##........#.....)...#.#..≈......
)#.##......#.#.#.#.#.#.##.≈≈≈≈≈≈≈
)#.#.##....#..#.#.#..#...........
.#..#..###.#.#.....#.#.##.#...###
.(..#.#...#'..#...#..'.##.)....##
.#...#.###.#.#.....#.#.##.#......
.#...#.#..##..#.#.#..#..#.#...###
.#...#.#.#.#.#.#.#.#.#..#.#...# #
.#....#.#.)#....@....#.......<###
.#####'#########z#####.##.#......
.#..)#.#[.)##.#...#.##....#≈~~~~~
.#.).#.#..)#...#.#...#.####≈#≈≈≈≈
.#.......).##.#.#.#.##.# #≈#≈###
.###†....###.#.....#.#.####≈#≈≈ ≈
'.#..)..#.'..#.#.#..'.....≈≈~~≈≈
#.......##.#.....#.#...###.#. #
#.........##.#.#.#.##....##.


You could see a skeletal warrior.

Vanquished Creatures
  A centaur warrior (D:10)
  Pikel (D:6)
  A manticore (D:10)
  2 cyclopes (D:10)
  A gargoyle (D:10)
  An efreet (D:10)
  A kobold demonologist (D:10)
  A rime drake (D:9)
  An unseen horror (D:10)
  Maggie (D:8)
  A komodo dragon (D:10)
  2 trolls (D:10)
  A polar bear (D:9)
  A shadow (D:10)
  A vampire (D:10)
  5 yaks (D:9)
  4 steam dragons
  A vampire mosquito (D:10)
  Menkaure (D:7)
  2 water moccasins
  4 orc warriors
  3 sky beasts
  A black bear (D:5)
  6 ice beasts
  An ogre (D:5)
  3 wolves (D:9)
  4 centaurs
  4 lemures (D:6)
  3 phantoms
  A kobold brigand (D:10)
  2 elf zombies (Ossuary)
  2 bullfrogs
  3 gnoll sergeants
  A scorpion (D:5)
  3 wights (D:8)
  A burial acolyte (Ossuary)
  3 killer bees (D:9)
  3 howler monkeys
  A centaur zombie (Ossuary)
  2 quasits (D:5)
  7 orc priests
  2 bombardier beetles
  2 sleepcaps
  4 iguanas
  A human skeleton (D:9)
  6 orc wizards
  A bullfrog simulacrum (Ossuary)
  2 hound zombies (Ossuary)
  3 mummies (Ossuary)
  8 adders
  19 gnolls
  2 ufetubi (D:4)
  2 adder zombies (Ossuary)
  3 ribbon worms (D:3)
  3 dart slugs
  29 orcs
  5 ball pythons
  3 endoplasms
  2 giant cockroaches
  2 gnoll zombies (Ossuary)
  5 goblins
  6 hobgoblins
  3 kobolds
  7 quokkas
  7 ball python zombies (Ossuary)
  5 bats
  6 jackal zombies (Ossuary)
  4 kobold zombies (Ossuary)
  3 orc zombies (Ossuary)
  4 rats
237 creatures vanquished.

Notes
Turn   | Place    | Note
-------+----------+-------------------------------------------
     0 | D:1      | CougarLife the Gargoyle Earth Elementalist began the quest
                  | for the Orb.
     0 | D:1      | Reached XP level 1. HP: 10/10 MP: 3/3
   220 | D:1      | Found Urudwaarph's Assorted Antiques.
   265 | D:1      | Reached XP level 2. HP: 15/15 MP: 1/5
   357 | D:1      | Reached skill level 4 in Earth Magic
   801 | D:2      | Reached XP level 3. HP: 19/19 MP: 4/6
  1591 | D:3      | Reached XP level 4. HP: 24/24 MP: 4/8
  1707 | D:3      | HP: 1/24 [gnoll/+0 flail (2)]
  2380 | D:3      | Found a faded altar of an unknown god.
  2493 | D:4      | Reached XP level 5. HP: 14/28 MP: 4/9
  2572 | D:4      | Learned a level 3 spell: Stone Arrow
  2572 | D:4      | Found a shadowy altar of Dithmenos.
  2706 | D:4      | Found a bloodstained altar of Trog.
  2788 | D:4      | Reached skill level 5 in Earth Magic
  2847 | D:4      | You fall into a shaft and drop 1 floor!
  2847 | D:5      | Entered Level 5 of the Dungeon
  2887 | D:5      | Noticed an ice beast
  2899 | D:5      | Killed an ice beast
  2900 | D:5      | Reached XP level 6. HP: 9/32 MP: 1/11
  3400 | D:5      | Reached skill level 6 in Earth Magic
  3459 | D:5      | Reached XP level 7. HP: 36/36 MP: 11/13
  3679 | D:5      | Reached skill level 5 in Conjurations
  3853 | D:5      | Found a transporter.
  3857 | D:5      | Noticed Nornya's ghost (novice MDNe)
  3891 | D:5      | Found a transporter.
  4093 | D:6      | Noticed Pikel
  4242 | D:6      | Killed Pikel
  4243 | D:6      | Reached skill level 5 in Spellcasting
  4243 | D:6      | Reached skill level 7 in Earth Magic
  4243 | D:6      | Reached XP level 8. HP: 16/41 MP: 11/16
  4837 | D:5      | Reached skill level 8 in Earth Magic
  5005 | D:6      | Found a shimmering altar of Xom.
  5777 | D:6      | Found a runed translucent door.
  5778 | D:6      | Noticed Crazy Yiuf
  6025 | D:7      | Found a sand-covered staircase.
  6025 | D:7      | Found Qaehounkiu's Weapon Shop.
  6031 | Ossuary  | Entered an ossuary
  6199 | Ossuary  | Reached XP level 9. HP: 45/45 MP: 16/18
  6432 | D:7      | Noticed Menkaure
  6434 | D:7      | Killed Menkaure
  6435 | D:7      | Reached skill level 9 in Earth Magic
  6853 | D:7      | Found a blossoming altar of Fedhas.
  7402 | D:7      | Found a hide-covered altar of Uskayaw.
  7412 | D:7      | Noticed a +0 hand axe
  7412 | D:7      | Noticed a +0 dagger
  7479 | D:7      | Found a staircase to the Ecumenical Temple.
  7522 | Temple   | Entered the Ecumenical Temple
  7528 | Temple   | Became a worshipper of Vehumet
  7799 | D:8      | Noticed Maggie
  7805 | D:8      | Killed Maggie
  7806 | D:8      | Reached skill level 10 in Earth Magic
  7806 | D:8      | Reached XP level 10. HP: 41/50 MP: 11/21
  8333 | D:8      | Identified the +5 war axe "Zeruid Jifits" {flame, rPois
                  | rN++ Int-3 SInv}
  8591 | D:9      | Reached skill level 11 in Earth Magic
  8797 | D:9      | Found a staircase to the Lair.
  8815 | D:9      | Reached * piety under Vehumet
  8815 | D:9      | Offered knowledge of Freeze by Vehumet.
  8869 | D:9      | Reached skill level 10 in Conjurations
  9159 | D:9      | Reached XP level 11. HP: 51/54 MP: 19/24
  9308 | D:9      | Found a runed translucent door.
  9311 | D:9      | Found a basalt altar of Yredelemnul.
  9473 | D:10     | Entered Level 10 of the Dungeon
  9727 | D:10     | Reached skill level 12 in Earth Magic
  9824 | D:10     | Noticed a cyclops
  9937 | D:10     | Killed a cyclops
 10047 | D:10     | HP: 1/54 [unseen horror (8)]
 10566 | D:10     | Identified the +1 war axe of Earthquakes {elec, rElec rCorr
                  | Str+3}
 10586 | D:10     | Noticed a manticore
 10590 | D:10     | Killed a manticore
 10619 | D:10     | Noticed a cyclops
 10653 | D:10     | Reached ** piety under Vehumet
 10661 | D:10     | Found a broken altar of Ashenzari.
 10755 | D:10     | Killed a cyclops
 10995 | D:10     | Noticed a skeletal warrior
 10997 | D:10     | Noticed a centaur warrior
 11002 | D:10     | Killed a centaur warrior
 11003 | D:10     | Reached skill level 10 in Spellcasting
 11003 | D:10     | Slain by a skeletal warrior

Illustrated notes

Levels and vault maps discovered:
D:1:      mrwooster_arrival_statue_3, layout_rooms, serial_shops, shop,
          corexii_item_surrounded_by_moat, kennysheep_decorative_pillar,
          minmay_stone_trees_small
D:2:      layout_loops_corners, grunt_decor_cap, minmay_misc_feat_roman
D:3:      layout_rooms, shapermc_ecumenical_altar_hornbeckon,
          grunt_decor_fettered
D:4:      layout_cave_pools, mainiacjoe_overflow_six_doors_small,
          amcnicky_altar_gilded
D:5:      layout_rooms, gammafunk_ghost_stat_death
D:6:      layout_basic, lemuel_tele_altar, uniq_pikel, uniq_crazy_yiuf_cottage
D:7:      layout_rooms, dancing_weapons_uskayaw, mainiacjoe_overflow_paths,
          minmay_temple_entry_glassed_door, enter_bailey_8, enter_ossuary_1,
          serial_shops, shop, kb_lookout_dungeons_type, uniq_menkaure
D:8:      layout_gridville, uniq_maggie
D:9:      layout_rooms, dk_yredelemnul_ordeal, hellmonk_lair_entry_icy
D:10:     minmay_the_grid_3x2 [minmay_the_grid_box_x,
          minmay_the_grid_diamond_grid, minmay_the_grid_gridbox,
          minmay_the_grid_outer_diamond, minmay_the_grid_expand,
          minmay_the_grid_prize_big_room], layout_loops_corners,
          mainiacjoe_overflow_concentric_impassable, minmay_crystal_water
Temple:   hellmonk_temple_two_chambers

Skill      XL: |  1  2  3  4  5  6  7  8  9 10 11 |
---------------+----------------------------------+-----
Earth Magic    | 4 5 6 7 8 10 11 12 | 12.9
Conjurations   | 2 3 4 6 7 8 10 11 | 11.5
Spellcasting   | 3 4 5 6 7 9 10 | 10.0
Dodging        | |  1.5
Stealth        | |  2.1

Action                     |  1- 3 |  4- 6 |  7- 9 | 10-12 || total
---------------------------+-------+-------+-------+-------++-------
  Melee: Unarmed           |     1 |       |       |       ||     1
         Dagger            |     1 |    13 |    23 |     5 ||    42
   Cast: Sandblast         |    40 |    74 |   189 |    88 ||   391
         Stone Arrow       |       |       |    30 |    70 ||   100
    Use: Scroll            |       |     1 |       |     1 ||     2
         Potion            |       |       |     3 |       ||     3
   Stab: Sleeping          |       |     1 |       |       ||     1
 Armour: Robe              |    11 |    45 |   125 |    69 ||   250
  Dodge: Dodged            |    14 |    33 |   180 |    72 ||   299

Table legend: (Time is in decaauts)
 A = Elapsed time spent in this place.
 B = Non-inter-level travel time spent in this place.
 C = Inter-level travel time spent in this place.
 D = Time resting spent in this place.
 E = Time spent auto-exploring this place.
 F = Levels seen in this place.
 G = Mean time per level.
                   A        B        C        D        E       F      G
               +--------+--------+--------+--------+--------+-----+--------+
         Total |  11214 |  10587 |    627 |   2712 |   5812 |  12 |  934.5 |
       Dungeon |  10862 |  10240 |    622 |   2652 |   5812 |  10 | 1086.2 |
        Temple |     12 |      7 |      5 |      0 |      0 |   1 |   12.0 |
       Ossuary |    338 |    338 |      0 |     60 |      0 |   1 |  338.0 |
               +--------+--------+--------+--------+--------+-----+--------+

Top non-repeatable levels by time:
     D:6: 1814 daAuts
     D:5: 1389 daAuts
     D:2: 1273 daAuts
    D:10: 1146 daAuts
     D:8: 1136 daAuts
     D:9: 1111 daAuts
     D:7: 882 daAuts
     D:1: 754 daAuts
     D:4: 718 daAuts
     D:3: 636 daAuts
 Ossuary: 338 daAuts
  Temple: 12 daAuts
